 Dungeon Crawl Stone Soup version 0.28.0-53-g5a82cb258f (console) character file.

Game seed: 11493610900817850255

21 capslocke the Chiller (level 2, -2/15 HPs)
             Began as a Gargoyle Ice Elementalist on June 1, 2022.
             Was a High Priest of Ignis.
             Frozen to death by an endoplasm (4 damage)
             ... on level 1 of the Dungeon.
             The game lasted 00:06:04 (1053 turns).

capslocke the Chiller (Gargoyle Ice Elementalist)   Turns: 1053, Time: 00:06:06

Health: -2/15      AC:  4    Str: 11    XL:     2   Next: 87%
Magic:  3/5        EV: 12    Int: 15    God:    Ignis [*****.]
Gold:   43         SH:  0    Dex: 10    Spells: 4/5 levels left

rFire   + . .      SeeInvis .   d - +0 hand axe (flame)
rCold   . . .      Faith    .   (no shield)
rNeg    + . .      Spirit   .   a - +0 robe
rPois   ∞          Reflect  .   (no helmet)
rElec   +          Harm     .   (no cloak)
rCorr   .          Rampage  .   (no gloves)
Will    .....                   (no boots)
Stlth   ++........              (no amulet)
HPRegen 0.05/turn               (no ring)
MPRegen 0.09/turn               (no ring)

@: no status effects
A: sickness immunity, AC +2, negative energy resistance 1, electricity
resistance, torment resistance 1, petrification resistance
a: Renounce Religion, Fiery Armour, Foxfire Swarm, Rising Flame


You were on level 1 of the Dungeon.
You worshipped Ignis.
Ignis was extremely pleased with you.
You visited 1 branch of the dungeon, and saw 1 of its levels.

You collected 43 gold pieces.

Inventory:

Hand Weapons
 c - a +0 short sword
 d - a +0 hand axe of flaming (weapon)
Armour
 a - a +0 robe (worn)
Scrolls
 b - a scroll of fear {unknown}


   Skills:
 + Level 1.7 Dodging
 + Level 2.1 Stealth
 + Level 2.4 Spellcasting
 + Level 4.4 Ice Magic


You had 4 spell levels left.
You knew the following spells:

 Your Spells              Type           Power      Damage    Failure   Level
a - Freeze                Ice            60%        1d8       3%          1

Your spell library contained the following spells:

 Spells                   Type           Power      Damage    Failure   Level
 Frozen Ramparts          Ice            30%        1d5       11%         3
 Ozocubu's Armour         Ice            15%        N/A       11%         3
 Corpse Rot               Necr/Air       2%         N/A       32%         2
 Hailstorm                Conj/Ice       8%         3d4       63%         4
 Dispel Undead            Necr           1%         3d6       91%         4
 Death Channel            Necr           0%         N/A       100%        6


Dungeon Overview and Level Annotations

Branches:
Dungeon (1/15)

Altars:
Ignis


Innate Abilities, Weirdness & Mutations

You are immune to sickness and miasma.
Your stone body is resilient. (AC +2)
You are immune to poison.
You resist negative energy. (rN+)
You are resistant to electric shocks. (rElec)
You are resistant to unholy torment.
You are immune to petrification.


Message History

The endoplasm quivers.
You hear an angry hiss.
A frilled lizard comes into view.
Casting: Freeze (safe; 3% risk of failure)
Confirm with . or Enter, or press ? or * to list all spells.
Aiming: Freeze (safe; 3% risk of failure)
Press: ? - help, Shift-Dir - straight line, f - hobgoblin
Aim: a hobgoblin You freeze the hobgoblin.
The hobgoblin is lightly wounded.
The hobgoblin hits you.
You hit the hobgoblin but do no damage.
The hobgoblin is lightly wounded.
The hobgoblin hits you but does no damage.
You closely miss the hobgoblin.
The hobgoblin is lightly wounded.
The frilled lizard unfolds its giant frill.
The hobgoblin hits you.
You barely miss the hobgoblin.
The hobgoblin is lightly wounded.
The hobgoblin hits you. x2
Casting: Freeze (safe; 3% risk of failure)
Confirm with . or Enter, or press ? or * to list all spells.
Aiming: Freeze (safe; 3% risk of failure)
Press: ? - help, Shift-Dir - straight line, f/p - hobgoblin
Aim: a hobgoblin (lightly wounded)
You freeze the hobgoblin!
You kill the hobgoblin!
You hit the endoplasm. You burn the endoplasm.
The endoplasm is moderately wounded.
The endoplasm freezes you.
You are frozen.
* * * LOW HITPOINT WARNING * * *
You barely miss the endoplasm.
The endoplasm is moderately wounded.
The endoplasm hits you.
* * * LOW HITPOINT WARNING * * *
The endoplasm freezes you.
You are frozen.
You die...

..#......#
#.#.####.#
#.#.# #.#
#.#.# #.#
####.#.####.#
#.........#.#
#.........#.#
#....†....#.#
#.........#@#
####.#.####J#
#.#.# .l.
#.#.# .#.#.
..#.##.#.#..
##########.##
#.# #.
#.......##.##
#.. .#
........'...#
#!# #
...#...#####


You could see an endoplasm and a frilled lizard.

Vanquished Creatures
  2 dart slugs (D:1)
  An endoplasm (D:1)
  2 giant cockroaches (D:1)
  2 hobgoblins (D:1)
  A quokka (D:1)
  3 ball pythons (D:1)
  2 frilled lizards (D:1)
  3 kobolds (D:1)
  A rat (D:1)
17 creatures vanquished.

Notes
Turn   | Place    | Note
-------+----------+-------------------------------------------
     0 | D:1      | capslocke the Gargoyle Ice Elementalist began the quest for
                  | the Orb.
     0 | D:1      | Reached XP level 1. HP: 10/10 MP: 3/3
   140 | D:1      | Found a faded altar of an unknown god.
   307 | D:1      | Prayed at the altar of an unknown god.
   307 | D:1      | Became a worshipper of Ignis, the Dying Flame
   394 | D:1      | Reached XP level 2. HP: 15/15 MP: 3/5
  1053 | D:1      | Frozen to death by an endoplasm

Illustrated notes

Levels and vault maps discovered:
D:1:      dpeg_arrival_three_same_balls, layout_basic, serial_curves,
          eino_curves_03, eino_curves_01, hellmonk_ecumenical_altar_slurped_away

Action                   || total
-------------------------++-------
Melee: Unarmed           ||     5
       Hand axe          ||     8
 Cast: Freeze            ||    24
 Stab: Sleeping          ||     1
Armor: Robe              ||     8
Dodge: Dodged            ||    17
